PCL
VANCOUVER VIPERS @ HOUSTON HAMMERTIME
09/26/2025
 
TOP OF THE 1ST
Vancouver Vipers batting - Pitching for Houston Hammertime : LHP Terry Klassen
Pitching: LHP Terry Klassen
Batting: RHB Salvador Medine 0-0: Called Strike
0-1: Ball
1-1: Called Strike
1-2: Foul Ball, location: 2F
1-2: Foul Ball, location: 2F
1-2: Ball
2-2: Ball
3-2: SINGLE (Line Drive, 8LS)
Batting: LHB Katsumi Morishita 0-0: Ball
1-0: Foul Ball, location: 2F
1-1: Ball
Passed Ball!
Salvador Medine to second
2-1: Ball
3-1: Base on Balls
Batting: RHB Sergio Pujols 0-0: Swinging Strike
0-1: Ball
1-1: Ball
2-1: Foul Ball, location: 2F
2-2: Ball
3-2: Foul Ball, location: 2F
3-2: Foul Ball, location: 2F
3-2: Foul Ball, location: 2F
3-2: Foul Ball, location: 2F
3-2: Strikes out swinging
Batting: RHB Marvin Workman 0-0: Ball
1-0: Ball
2-0: Called Strike
2-1: Foul Ball, location: 2F
2-2: Foul Ball, location: 2F
2-2: DOUBLE (Flyball, 9LS)
Salvador Medine scores
Katsumi Morishita to third
Runner from 3rd tries for Home, SAFE, throw made home
Batting: RHB Pedro Fuentes 0-0: Ball
1-0: Ball
2-0: Called Strike
2-1: SINGLE (Line Drive, 5L)
Marvin Workman to third
Batting: RHB Miguel Palácios 0-0: Called Strike
0-1: Called Strike
0-2: Ball
1-2: Strikes out swinging
Batting: RHB Steve Bender 0-0: Foul Ball, location: 2F
0-1: Ball
1-1: Called Strike
1-2: Ball
2-2: Ball
3-2: SINGLE (Line Drive, 6MD)
Marvin Workman scores
Pedro Fuentes to second
Pedro Fuentes to third
Batting: LHB Jason Lambert 0-0: Called Strike
0-1: Ball
1-1: Foul Ball, location: 2F
1-2: Strikes out swinging
Top of the 1st over - 3 run(s), 4 hit(s), 0 error(s), 2 left on base; Vancouver 3 - Houston 0
BOTTOM OF THE 1ST
Houston Hammertime batting - Pitching for Vancouver Vipers : RHP Don Barnes
Pitching: RHP Don Barnes
Batting: RHB José García 0-0: Ball
1-0: Ball
2-0: Foul Ball, location: 2F
2-1: Ball
3-1: Swinging Strike
3-2: Strikes out swinging
Batting: SHB Cristo Ontiveros 0-0: Swinging Strike
0-1: Called Strike
0-2: Strikes out swinging
Batting: LHB Juan Cabañas 0-0: Ball
1-0: Ball
2-0: Ball
3-0: Base on Balls
Batting: RHB Mario Beltrán 0-0: Ball
1-0: Fly out, F8 (Flyball, 8RXD)
Bottom of the 1st over - 0 run(s), 0 hit(s), 0 error(s), 1 left on base; Vancouver 3 - Houston 0
TOP OF THE 2ND
Vancouver Vipers batting - Pitching for Houston Hammertime : LHP Terry Klassen
Batting: LHB Malcolm Thomas 0-0: Reached on error, E6 (Groundball, 6M)
Batting: RHB Salvador Medine 0-0: Ball
Malcolm Thomas steals 2nd base
1-0: Ball
2-0: Called Strike
2-1: Ball
3-1: Base on Balls
Batting: LHB Katsumi Morishita 0-0: Ball
1-0: Called Strike
1-1: Foul Ball, location: 2F
1-2: Ball
2-2: Strikes out swinging
Batting: RHB Sergio Pujols 0-0: Ball
Malcolm Thomas steals 3rd base
Salvador Medine to second
1-0: Ball
2-0: Ball
3-0: Called Strike
3-1: Base on Balls
Batting: RHB Marvin Workman 0-0: Ball
1-0: Ball
2-0: SINGLE (Groundball, 56D)
Malcolm Thomas scores
Salvador Medine to third
Sergio Pujols to second
Runner from 3rd tries for Home, SAFE, no throw or cutoff
Batting: RHB Pedro Fuentes 0-0: Ball
1-0: Ball
2-0: Swinging Strike
2-1: Ball
3-1: Base on Balls
Sergio Pujols to third
Marvin Workman to second
Batting: RHB Miguel Palácios 0-0: Ball
1-0: Foul Ball, location: 2F
1-1: Ball
2-1: Swinging Strike
2-2: Foul Ball, location: 2F
2-2: Foul Ball, location: 2F
2-2: Ball
3-2: Strikes out swinging
Batting: RHB Steve Bender 0-0: Ball
1-0: Called Strike
1-1: Foul Ball, location: 2F
1-2: Foul Ball, location: 2F
1-2: Foul Ball, location: 2F
1-2: Ball
2-2: Fielders Choice at 2nd, U6 (Groundball, 6M)
Top of the 2nd over - 2 run(s), 1 hit(s), 1 error(s), 3 left on base; Vancouver 5 - Houston 0
BOTTOM OF THE 2ND
Houston Hammertime batting - Pitching for Vancouver Vipers : RHP Don Barnes
Batting: LHB Pat Jones 0-0: Called Strike
0-1: Called Strike
0-2: Strikes out looking
Batting: RHB Moo-hyun Pak 0-0: Ball
1-0: Called Strike
1-1: Foul Ball, location: 2F
1-2: SOLO HOME RUN (Flyball, 7LD), Distance : 331 ft
Batting: LHB Bartolo Villanueva 0-0: Called Strike
0-1: Called Strike
0-2: Fly out, F8 (Flyball, 8LM)
Batting: LHB Fernando Camacho 0-0: Ball
1-0: Ball
2-0: Called Strike
2-1: Ground out U3 (Groundball, 3L)
Bottom of the 2nd over - 1 run(s), 1 hit(s), 0 error(s), 0 left on base; Vancouver 5 - Houston 1
TOP OF THE 3RD
Vancouver Vipers batting - Pitching for Houston Hammertime : LHP Terry Klassen
Batting: LHB Jason Lambert 0-0: Foul Ball, location: 2F
0-1: Called Strike
0-2: Ball
1-2: Strikes out swinging
Batting: LHB Malcolm Thomas 0-0: Foul Ball, location: 2F
0-1: Ball
1-1: Ball
2-1: Foul Ball, location: 2F
2-2: Foul Ball, location: 2F
2-2: SINGLE (Groundball, 4MD)
Batting: RHB Salvador Medine 0-0: Foul Ball, location: 2F
0-1: Grounds into double play, 6-4-3 (Groundball, 6M)
Top of the 3rd over - 0 run(s), 1 hit(s), 0 error(s), 0 left on base; Vancouver 5 - Houston 1
BOTTOM OF THE 3RD
Houston Hammertime batting - Pitching for Vancouver Vipers : RHP Don Barnes
Batting: RHB Pedro Meza 0-0: Called Strike
0-1: Foul Ball, location: 2F
0-2: Ball
1-2: Strikes out looking
Batting: RHB José García 0-0: Ground out 5-3 (Groundball, 15S)
Batting: SHB Cristo Ontiveros 0-0: Swinging Strike
0-1: Ball
1-1: Fly out, F6 (Popup, 5DF)
Bottom of the 3rd over - 0 run(s), 0 hit(s), 0 error(s), 0 left on base; Vancouver 5 - Houston 1
TOP OF THE 4TH
Vancouver Vipers batting - Pitching for Houston Hammertime : LHP Terry Klassen
Pitching: RHP Carlos Fernández
Batting: LHB Katsumi Morishita 0-0: Called Strike
0-1: Foul Ball, location: 2F
0-2: Strikes out swinging
Batting: RHB Sergio Pujols 0-0: Called Strike
0-1: Called Strike
0-2: Ground out 4-3 (Groundball, 4M)
Batting: RHB Marvin Workman 0-0: SINGLE (Groundball, 4M)
Batting: RHB Pedro Fuentes 0-0: Ball
1-0: Called Strike
1-1: Ball
2-1: Foul Ball, location: 2F
2-2: Strikes out swinging
Top of the 4th over - 0 run(s), 1 hit(s), 0 error(s), 1 left on base; Vancouver 5 - Houston 1
BOTTOM OF THE 4TH
Houston Hammertime batting - Pitching for Vancouver Vipers : RHP Don Barnes
Batting: LHB Juan Cabañas 0-0: Ball
1-0: Swinging Strike
1-1: Ball
2-1: Ball
3-1: Called Strike
3-2: Base on Balls
Batting: RHB Mario Beltrán 0-0: Ball
1-0: Swinging Strike
1-1: Swinging Strike
1-2: Ball
2-2: Foul Ball, location: 2F
2-2: Grounds into double play, 1-6-3 (Groundball, 23)
Batting: LHB Pat Jones 0-0: Ball
1-0: Ball
2-0: Ball
3-0: Base on Balls
Batting: RHB Moo-hyun Pak 0-0: Ball
1-0: Fielders Choice at 2nd, U4 (Groundball, 4M)
Bottom of the 4th over - 0 run(s), 0 hit(s), 0 error(s), 1 left on base; Vancouver 5 - Houston 1
TOP OF THE 5TH
Vancouver Vipers batting - Pitching for Houston Hammertime : RHP Carlos Fernández
Batting: RHB Miguel Palácios 0-0: Ball
1-0: Called Strike
1-1: Foul Ball, location: 2F
1-2: Strikes out looking
Batting: RHB Steve Bender 0-0: SINGLE (Line Drive, 6MD)
Batting: LHB Jason Lambert 0-0: Foul Ball, location: 2F
0-1: Swinging Strike
0-2: Ball
1-2: Foul Ball, location: 2F
1-2: Foul Ball, location: 2F
1-2: Ball
2-2: Foul Ball, location: 2F
2-2: Ball
3-2: Base on Balls
Steve Bender to second
Batting: LHB Malcolm Thomas 0-0: Called Strike
0-1: Swinging Strike
0-2: Strikes out swinging
Batting: RHB Salvador Medine 0-0: Ball
1-0: Foul Ball, location: 2F
1-1: Foul Ball, location: 2F
1-2: Ball
2-2: Ball
3-2: Base on Balls
Steve Bender to third
Jason Lambert to second
Batting: LHB Katsumi Morishita 0-0: Called Strike
0-1: Swinging Strike
0-2: Strikes out swinging
Top of the 5th over - 0 run(s), 1 hit(s), 0 error(s), 3 left on base; Vancouver 5 - Houston 1
BOTTOM OF THE 5TH
Houston Hammertime batting - Pitching for Vancouver Vipers : RHP Don Barnes
Batting: LHB Bartolo Villanueva 0-0: Foul Ball, location: 2F
0-1: Ground out 4-3 (Groundball, 4)
Batting: LHB Fernando Camacho 0-0: Swinging Strike
0-1: Foul Ball, location: 2F
0-2: Ball
1-2: Ground out 4-3 (Groundball, 4)
Batting: RHB Pedro Meza 0-0: Foul Ball, location: 2F
0-1: SINGLE (Flyball, 78S)
Batting: RHB José García 0-0: Swinging Strike
0-1: Ball
1-1: Ground out U3 (Groundball, 3)
Bottom of the 5th over - 0 run(s), 1 hit(s), 0 error(s), 1 left on base; Vancouver 5 - Houston 1
TOP OF THE 6TH
Vancouver Vipers batting - Pitching for Houston Hammertime : RHP Carlos Fernández
Batting: RHB Sergio Pujols 0-0: Ball
1-0: Ball
2-0: Called Strike
2-1: Foul Ball, location: 2F
2-2: Strikes out swinging
Batting: RHB Marvin Workman 0-0: Fly out, F7 (Flyball, 7LM)
Batting: RHB Pedro Fuentes 0-0: Ball
1-0: Called Strike
1-1: Fly out, F7 (Flyball, 78M)
Top of the 6th over - 0 run(s), 0 hit(s), 0 error(s), 0 left on base; Vancouver 5 - Houston 1
BOTTOM OF THE 6TH
Houston Hammertime batting - Pitching for Vancouver Vipers : RHP Don Barnes
Batting: SHB Cristo Ontiveros 0-0: Fly out, F7 (Flyball, 7M)
Batting: LHB Juan Cabañas 0-0: Ball
1-0: Ball
2-0: Ball
3-0: Base on Balls
Batting: RHB Mario Beltrán 0-0: Ball
1-0: Grounds into double play, 2-4-3 (Groundball, 2R)
Bottom of the 6th over - 0 run(s), 0 hit(s), 0 error(s), 0 left on base; Vancouver 5 - Houston 1
TOP OF THE 7TH
Vancouver Vipers batting - Pitching for Houston Hammertime : RHP Carlos Fernández
Pitching: RHP José Ortíz
Batting: RHB Miguel Palácios 0-0: Ball
1-0: Called Strike
1-1: Ball
2-1: Foul Ball, location: 2F
2-2: Ball
3-2: Strikes out swinging
Batting: RHB Steve Bender 0-0: Foul Ball, location: 2F
0-1: Called Strike
0-2: Ball
1-2: Ball
2-2: Ground out 4-3 (Groundball, 4M)
Batting: LHB Jason Lambert 0-0: Called Strike
0-1: Ball
1-1: Swinging Strike
1-2: Strikes out looking
Top of the 7th over - 0 run(s), 0 hit(s), 0 error(s), 0 left on base; Vancouver 5 - Houston 1
BOTTOM OF THE 7TH
Houston Hammertime batting - Pitching for Vancouver Vipers : RHP Don Barnes
Batting: LHB Pat Jones 0-0: Called Strike
0-1: Swinging Strike
0-2: Ball
1-2: Foul Ball, location: 2F
1-2: Ground out 6-3 (Groundball, 6)
Batting: RHB Moo-hyun Pak 0-0: Called Strike
0-1: SOLO HOME RUN (Line Drive, 7D), Distance : 366 ft
Batting: LHB Bartolo Villanueva 0-0: Swinging Strike
0-1: Called Strike
0-2: Foul Ball, location: 2F
0-2: Ball
1-2: Ball
2-2: Foul Ball, location: 2F
2-2: Foul Ball, location: 2F
2-2: Fly out, F7 (Flyball, 7S)
Batting: LHB Fernando Camacho 0-0: Ball
1-0: Swinging Strike
1-1: Ball
2-1: Called Strike
2-2: Foul Ball, location: 2F
2-2: Foul Ball, location: 2F
2-2: SINGLE (Groundball, 34D)
Batting: RHB Pedro Meza 0-0: Ball
1-0: Ball
2-0: Called Strike
2-1: Swinging Strike
2-2: Foul Ball, location: 2F
2-2: SINGLE (Groundball, 6M)
Fernando Camacho to second
Pitching: RHP Ben Evans
Batting: RHB José García 0-0: Ball
1-0: Ball
2-0: SINGLE (Groundball, 4M)
Fernando Camacho to third
Pedro Meza to second
Batting: SHB Cristo Ontiveros 0-0: Ball
1-0: Called Strike
1-1: Ball
2-1: Foul Ball, location: 2F
2-2: Ball
3-2: Foul Ball, location: 2F
3-2: Fly out, F8 (Flyball, 8RXD)
Bottom of the 7th over - 1 run(s), 4 hit(s), 0 error(s), 3 left on base; Vancouver 5 - Houston 2
TOP OF THE 8TH
Vancouver Vipers batting - Pitching for Houston Hammertime : RHP José Ortíz
Batting: LHB Malcolm Thomas 0-0: Called Strike
0-1: Fly out, F7 (Flyball, 78M)
Batting: RHB Salvador Medine 0-0: Ball
1-0: SINGLE (Groundball, 34D)
Batting: LHB Katsumi Morishita 0-0: Ball
1-0: Called Strike
1-1: Ball
2-1: Ball
3-1: Base on Balls
Salvador Medine to second
Batting: RHB Sergio Pujols 0-0: Ball
1-0: Ball
2-0: Ball
3-0: Base on Balls
Salvador Medine to third
Katsumi Morishita to second
Batting: RHB Marvin Workman 0-0: Ball
1-0: Ground out 4-3 (Groundball, 4M)
Salvador Medine scores
Katsumi Morishita to third
Sergio Pujols to second
Batting: RHB Pedro Fuentes 0-0: Called Strike
0-1: Ball
1-1: Swinging Strike
1-2: Foul Ball, location: 2F
1-2: Ball
2-2: Strikes out swinging
Top of the 8th over - 1 run(s), 1 hit(s), 0 error(s), 2 left on base; Vancouver 6 - Houston 2
BOTTOM OF THE 8TH
Houston Hammertime batting - Pitching for Vancouver Vipers : RHP Ben Evans
Batting: LHB Juan Cabañas 0-0: Foul Ball, location: 2F
0-1: Ball
1-1: Foul Ball, location: 2F
1-2: Strikes out swinging
Batting: RHB Mario Beltrán 0-0: Fly out, F4 (Popup, 4D)
Batting: LHB Pat Jones 0-0: Fly out, F8 (Line Drive, 8LD)
Bottom of the 8th over - 0 run(s), 0 hit(s), 0 error(s), 0 left on base; Vancouver 6 - Houston 2
TOP OF THE 9TH
Vancouver Vipers batting - Pitching for Houston Hammertime : RHP José Ortíz
Batting: RHB Miguel Palácios 0-0: Ball
1-0: Called Strike
1-1: Foul Ball, location: 2F
1-2: Ball
2-2: Ball
3-2: Strikes out swinging
Batting: RHB Steve Bender 0-0: Ball
1-0: Called Strike
1-1: Ball
2-1: Ground out 3-1 (Groundball, 23)
Batting: LHB Jason Lambert 0-0: Foul Ball, location: 2F
0-1: Ball
1-1: Swinging Strike
1-2: SINGLE (Groundball, 6MD)
Pitching: RHP Andrés Rivera
Batting: LHB Malcolm Thomas 0-0: Ball
1-0: Foul Ball, location: 2F
1-1: Ball
2-1: Foul Ball, location: 2F
2-2: Ground out 3-1 (Groundball, 34)
Top of the 9th over - 0 run(s), 1 hit(s), 0 error(s), 1 left on base; Vancouver 6 - Houston 2
BOTTOM OF THE 9TH
Houston Hammertime batting - Pitching for Vancouver Vipers : RHP Ben Evans
Batting: RHB Moo-hyun Pak 0-0: Ball
1-0: Called Strike
1-1: Ball
2-1: Foul Ball, location: 2F
2-2: Foul Ball, location: 2F
2-2: Foul Ball, location: 2F
2-2: Ball
3-2: Foul Ball, location: 2F
3-2: Foul Ball, location: 2F
3-2: Base on Balls
Batting: LHB Bartolo Villanueva 0-0: Foul Ball, location: 2F
0-1: Ball
1-1: Fielders Choice at 2nd, 1-6 (Groundball, 15S)
Batting: LHB Fernando Camacho 0-0: Ball
1-0: Ball
2-0: Ball
3-0: Called Strike
3-1: Ground out 1-3 (Groundball, 2R)
Bartolo Villanueva to second
Batting: RHB Pedro Meza 0-0: Ball
1-0: Swinging Strike
1-1: Foul Ball, location: 2F
1-2: Ball
2-2: Ball
3-2: Ground out 4-3 (Groundball, 4)
Bottom of the 9th over - 0 run(s), 0 hit(s), 0 error(s), 1 left on base; Vancouver 6 - Houston 2
This league is powered by Out of the Park Baseball, the baseball management simulation game for PC, Mac and Linux
Tuesday, August 2nd, 2016 - OOTP Baseball 16.8 Build 38